Workbook

Sheet Foglio1

Sheet examples
G1: alt 1 | I1: alt 2
A2: DF | B2: 1/(1+r)^1 | G2: 200000 | I2: 240000
A3: pv table for 1$ | F3: FV,1,12% | G3: =G2*D5 -> 178571.43 | H3: FV,2,14% | I3: =I2*E6 -> 184672.21
A4: n Year | B4: 0.05 | C4: 0.1 | D4: 0.12 | E4: 0.14
A5: 1 | B5: =1/(1+$B$4)^A5 -> 0.95238095 | C5: =1/(1+$C$4)^A5 -> 0.90909091 | D5: =1/(1+$D$4)^A5 -> 0.89285714 | E5: =1/(1+$E$4)^A5 -> 0.87719298
A6: 2 | B6: =1/(1+$B$4)^A6 -> 0.90702948 | C6: =1/(1+$C$4)^A6 -> 0.82644628 | D6: =1/(1+$D$4)^A6 -> 0.79719388 | E6: =1/(1+$E$4)^A6 -> 0.76946753
A7: 3 | B7: =1/(1+$B$4)^A7 -> 0.8638376 | C7: =1/(1+$C$4)^A7 -> 0.7513148 | D7: =1/(1+$D$4)^A7 -> 0.71178025 | E7: =1/(1+$E$4)^A7 -> 0.67497152
A8: 4 | B8: =1/(1+$B$4)^A8 -> 0.82270247 | C8: =1/(1+$C$4)^A8 -> 0.68301346 | D8: =1/(1+$D$4)^A8 -> 0.63551808 | E8: =1/(1+$E$4)^A8 -> 0.59208028
A9: 5 | B9: =1/(1+$B$4)^A9 -> 0.78352617 | C9: =1/(1+$C$4)^A9 -> 0.62092132 | D9: =1/(1+$D$4)^A9 -> 0.56742686 | E9: =1/(1+$E$4)^A9 -> 0.51936866
A10: 6 | B10: =1/(1+$B$4)^A10 -> 0.7462154 | C10: =1/(1+$C$4)^A10 -> 0.56447393 | D10: =1/(1+$D$4)^A10 -> 0.50663112 | E10: =1/(1+$E$4)^A10 -> 0.45558655
A11: 7 | B11: =1/(1+$B$4)^A11 -> 0.71068133 | C11: =1/(1+$C$4)^A11 -> 0.51315812 | D11: =1/(1+$D$4)^A11 -> 0.45234922 | E11: =1/(1+$E$4)^A11 -> 0.39963732
B13: 1 | C13: 2 | D13: 3 | F13: 5
A14: c inflows | B14: 200000 | C14: 200000 | D14: 200000 | F14: 100000
A16: PV
B21: =B14*D5 -> 178571.43 | C21: =C14*D6 -> 159438.78 | D21: =D7*D14 -> 142356.05 | E21: =F14*D9 -> 56742.686
A22: PVa,4,12% | B22: =SUM(B21:E21) -> 537108.94 | C22: =B14*(D5+D6+D7+D8) -> 607469.87
A24: pv table for Annuity of 1$
A25: n Year | B25: 0.05 | C25: 0.1 | D25: 0.12 | E25: 0.14
A26: 1 | D26: =D5 -> 0.89285714 | E26: =E5 -> 0.87719298
A27: 2 | D27: =D5+D6 -> 1.690051 | E27: =E5+E6 -> 1.6466605
A28: 3 | D28: =D5+D6+D7 -> 2.4018313 | E28: =E5+E6+E7 -> 2.321632
A29: 4 | D29: =D5+D6+D7+D8 -> 3.0373493 | E29: =E5+E6+E7+E8 -> 2.9137123
A30: 5 | D30: …
A31: 6 | D31: …
A32: 7 | D32: ..
A35: invest | B35: 100000 | C35: C out today | F35: invest | G35: 100000 | H35: C out today
B36: 150000 | C36: Cinf within 3 ys at 14% | F36: 50000 | G36: for 4 y at 12%
A38: NPV | B38: PV - req inv | C38: PV | D38: Req inv | F38: NPV | G38: PV - req inv | H38: PV | I38: REQ INV
B39: =C39-D39 -> 1245.7274 | C39: =B36*E7 -> 101245.73 | D39: =B35 -> 100000 | G39: =H39-I39 -> 51867.467 | H39: =F36*D29 -> 151867.47 | I39: =B35 -> 100000
A42: 0.12 | B42: CO | C42: 370000 | D42: y
B43: CI | C43: 20000 | D43: 1 | E43: PV | F43: =C43*D27 -> 33801.02
B44: CI | C44: 20000 | D44: 2 | F44: =C45*D8 -> 273272.77
B45: CI | C45: 430000 | D45: 4 | F45: =F44+F43 -> 307073.79
B47: NPV | C47: =F45-C42 -> -62926.206
D49: 1 | E49: 2 | F49: 3 | G49: 4
B50: 582742 | D50: 200000 | E50: 200000 | F50: 200000 | G50: 200000
C51: PV | D51: =D50*D29 -> 607469.87 | E51: internal rate of retur > 12%
B52: NPV | C52: =D51-B50 -> 24727.869
D53: =D50*E29 -> 582742.46 | E53: PV at 14% of discount
B55: =B50/D50 -> 2.91371

Sheet Present Value TABLEs
A1: Present Value for 1$
A2: n Year | B2: 0.01 | C2: 0.02 | D2: 0.03 | E2: 0.04 | F2: 0.05 | G2: 0.06 | H2: 0.07 | I2: 0.08 | J2: 0.09 | K2: 0.1 | L2: 0.12 | M2: 0.14 | N2: 0.16 | O2: 0.18 | P2: 0.2
A3: 1 | B3: =1/(1+B$2)^$A3 -> 0.99009901 | C3: =1/(1+C$2)^$A3 -> 0.98039216 | D3: =1/(1+D$2)^$A3 -> 0.97087379 | E3: =1/(1+E$2)^$A3 -> 0.96153846 | F3: =1/(1+F$2)^$A3 -> 0.95238095 | G3: =1/(1+G$2)^$A3 -> 0.94339623 | H3: =1/(1+H$2)^$A3 -> 0.93457944 | I3: =1/(1+I$2)^$A3 -> 0.92592593 | ... P3: =1/(1+P$2)^$A3 -> 0.83333333
A4: 2 | B4: =1/(1+B$2)^$A4 -> 0.98029605 | C4: =1/(1+C$2)^$A4 -> 0.96116878 | D4: =1/(1+D$2)^$A4 -> 0.94259591 | E4: =1/(1+E$2)^$A4 -> 0.92455621 | F4: =1/(1+F$2)^$A4 -> 0.90702948 | G4: =1/(1+G$2)^$A4 -> 0.88999644 | H4: =1/(1+H$2)^$A4 -> 0.87343873 | I4: =1/(1+I$2)^$A4 -> 0.85733882 | ... P4: =1/(1+P$2)^$A4 -> 0.69444444
A5: 3 | B5: =1/(1+B$2)^$A5 -> 0.97059015 | C5: =1/(1+C$2)^$A5 -> 0.94232233 | D5: =1/(1+D$2)^$A5 -> 0.91514166 | E5: =1/(1+E$2)^$A5 -> 0.88899636 | F5: =1/(1+F$2)^$A5 -> 0.8638376 | G5: =1/(1+G$2)^$A5 -> 0.83961928 | H5: =1/(1+H$2)^$A5 -> 0.81629788 | I5: =1/(1+I$2)^$A5 -> 0.79383224 | ... P5: =1/(1+P$2)^$A5 -> 0.5787037
A6: 4 | B6: =1/(1+B$2)^$A6 -> 0.96098034 | C6: =1/(1+C$2)^$A6 -> 0.92384543 | D6: =1/(1+D$2)^$A6 -> 0.88848705 | E6: =1/(1+E$2)^$A6 -> 0.85480419 | F6: =1/(1+F$2)^$A6 -> 0.82270247 | G6: =1/(1+G$2)^$A6 -> 0.79209366 | H6: =1/(1+H$2)^$A6 -> 0.76289521 | I6: =1/(1+I$2)^$A6 -> 0.73502985 | ... P6: =1/(1+P$2)^$A6 -> 0.48225309
A7: 5 | B7: =1/(1+B$2)^$A7 -> 0.95146569 | C7: =1/(1+C$2)^$A7 -> 0.90573081 | D7: =1/(1+D$2)^$A7 -> 0.86260878 | E7: =1/(1+E$2)^$A7 -> 0.82192711 | F7: =1/(1+F$2)^$A7 -> 0.78352617 | G7: =1/(1+G$2)^$A7 -> 0.74725817 | H7: =1/(1+H$2)^$A7 -> 0.71298618 | I7: =1/(1+I$2)^$A7 -> 0.6805832 | ... P7: =1/(1+P$2)^$A7 -> 0.40187757
A8: 6 | B8: =1/(1+B$2)^$A8 -> 0.94204524 | C8: =1/(1+C$2)^$A8 -> 0.88797138 | D8: =1/(1+D$2)^$A8 -> 0.83748426 | E8: =1/(1+E$2)^$A8 -> 0.79031453 | F8: =1/(1+F$2)^$A8 -> 0.7462154 | G8: =1/(1+G$2)^$A8 -> 0.70496054 | H8: =1/(1+H$2)^$A8 -> 0.66634222 | I8: =1/(1+I$2)^$A8 -> 0.63016963 | ... P8: =1/(1+P$2)^$A8 -> 0.33489798
A9: 7 | B9: =1/(1+B$2)^$A9 -> 0.93271805 | C9: =1/(1+C$2)^$A9 -> 0.87056018 | D9: =1/(1+D$2)^$A9 -> 0.81309151 | E9: =1/(1+E$2)^$A9 -> 0.75991781 | F9: =1/(1+F$2)^$A9 -> 0.71068133 | G9: =1/(1+G$2)^$A9 -> 0.66505711 | H9: =1/(1+H$2)^$A9 -> 0.62274974 | I9: =1/(1+I$2)^$A9 -> 0.5834904 | ... P9: =1/(1+P$2)^$A9 -> 0.27908165
A10: 8 | B10: =1/(1+B$2)^$A10 -> 0.92348322 | C10: =1/(1+C$2)^$A10 -> 0.85349037 | D10: =1/(1+D$2)^$A10 -> 0.78940923 | E10: =1/(1+E$2)^$A10 -> 0.73069021 | F10: =1/(1+F$2)^$A10 -> 0.67683936 | G10: =1/(1+G$2)^$A10 -> 0.62741237 | H10: =1/(1+H$2)^$A10 -> 0.5820091 | I10: =1/(1+I$2)^$A10 -> 0.54026888 | ... P10: =1/(1+P$2)^$A10 -> 0.23256804
A11: 9 | B11: =1/(1+B$2)^$A11 -> 0.91433982 | C11: =1/(1+C$2)^$A11 -> 0.83675527 | D11: =1/(1+D$2)^$A11 -> 0.76641673 | E11: =1/(1+E$2)^$A11 -> 0.70258674 | F11: =1/(1+F$2)^$A11 -> 0.64460892 | G11: =1/(1+G$2)^$A11 -> 0.59189846 | H11: =1/(1+H$2)^$A11 -> 0.54393374 | I11: =1/(1+I$2)^$A11 -> 0.50024897 | ... P11: =1/(1+P$2)^$A11 -> 0.1938067
A12: 10 | B12: =1/(1+B$2)^$A12 -> 0.90528695 | C12: =1/(1+C$2)^$A12 -> 0.8203483 | D12: =1/(1+D$2)^$A12 -> 0.74409391 | E12: =1/(1+E$2)^$A12 -> 0.67556417 | F12: =1/(1+F$2)^$A12 -> 0.61391325 | G12: =1/(1+G$2)^$A12 -> 0.55839478 | H12: =1/(1+H$2)^$A12 -> 0.50834929 | I12: =1/(1+I$2)^$A12 -> 0.46319349 | ... P12: =1/(1+P$2)^$A12 -> 0.16150558
A13: 11 | B13: =1/(1+B$2)^$A13 -> 0.89632372 | C13: =1/(1+C$2)^$A13 -> 0.80426304 | D13: =1/(1+D$2)^$A13 -> 0.72242128 | E13: =1/(1+E$2)^$A13 -> 0.64958093 | F13: =1/(1+F$2)^$A13 -> 0.58467929 | G13: =1/(1+G$2)^$A13 -> 0.52678753 | H13: =1/(1+H$2)^$A13 -> 0.4750928 | I13: =1/(1+I$2)^$A13 -> 0.42888286 | ... P13: =1/(1+P$2)^$A13 -> 0.13458799
A14: 12 | B14: =1/(1+B$2)^$A14 -> 0.88744923 | C14: =1/(1+C$2)^$A14 -> 0.78849318 | D14: =1/(1+D$2)^$A14 -> 0.70137988 | E14: =1/(1+E$2)^$A14 -> 0.62459705 | F14: =1/(1+F$2)^$A14 -> 0.55683742 | G14: =1/(1+G$2)^$A14 -> 0.49696936 | H14: =1/(1+H$2)^$A14 -> 0.44401196 | I14: =1/(1+I$2)^$A14 -> 0.39711376 | ... P14: =1/(1+P$2)^$A14 -> 0.11215665
... A22: 20 | B22: =1/(1+B$2)^$A22 -> 0.81954447 | C22: =1/(1+C$2)^$A22 -> 0.67297133 | D22: =1/(1+D$2)^$A22 -> 0.55367575 | E22: =1/(1+E$2)^$A22 -> 0.45638695 | F22: =1/(1+F$2)^$A22 -> 0.37688948 | G22: =1/(1+G$2)^$A22 -> 0.31180473 | H22: =1/(1+H$2)^$A22 -> 0.258419 | I22: =1/(1+I$2)^$A22 -> 0.21454821 | ... P22: =1/(1+P$2)^$A22 -> 0.026084053
A25: Present Value for an Annutiy of 1$
A26: n Year | B26: 0.01 | C26: 0.02 | D26: 0.03 | E26: 0.04 | F26: 0.05 | G26: 0.06 | H26: 0.07 | I26: 0.08 | J26: 0.09 | K26: 0.1 | L26: 0.12 | M26: 0.14 | N26: 0.16 | O26: 0.18 | P26: 0.2
A27: 1 | B27: =B3 -> 0.99009901 | C27: =C3 -> 0.98039216 | D27: =D3 -> 0.97087379 | E27: =E3 -> 0.96153846 | F27: =F3 -> 0.95238095 | G27: =G3 -> 0.94339623 | H27: =H3 -> 0.93457944 | I27: =I3 -> 0.92592593 | ... P27: =P3 -> 0.83333333
A28: 2 | B28: =B27+B4 -> 1.9703951 | C28: =C27+C4 -> 1.9415609 | D28: =D27+D4 -> 1.9134697 | E28: =E27+E4 -> 1.8860947 | F28: =F27+F4 -> 1.8594104 | G28: =G27+G4 -> 1.8333927 | H28: =H27+H4 -> 1.8080182 | I28: =I27+I4 -> 1.7832647 | ... P28: =P27+P4 -> 1.5277778
A29: 3 | B29: =B28+B5 -> 2.9409852 | C29: =C28+C5 -> 2.8838833 | D29: =D28+D5 -> 2.8286114 | E29: =E28+E5 -> 2.775091 | F29: =F28+F5 -> 2.723248 | G29: =G28+G5 -> 2.6730119 | H29: =H28+H5 -> 2.624316 | I29: =I28+I5 -> 2.577097 | ... P29: =P28+P5 -> 2.1064815
A30: 4 | B30: =B29+B6 -> 3.9019656 | C30: =C29+C6 -> 3.8077287 | D30: =D29+D6 -> 3.7170984 | E30: =E29+E6 -> 3.6298952 | F30: =F29+F6 -> 3.5459505 | G30: =G29+G6 -> 3.4651056 | H30: =H29+H6 -> 3.3872113 | I30: =I29+I6 -> 3.3121268 | ... P30: =P29+P6 -> 2.5887346
A31: 5 | B31: =B30+B7 -> 4.8534312 | C31: =C30+C7 -> 4.7134595 | D31: =D30+D7 -> 4.5797072 | E31: =E30+E7 -> 4.4518223 | F31: =F30+F7 -> 4.3294767 | G31: =G30+G7 -> 4.2123638 | H31: =H30+H7 -> 4.1001974 | I31: =I30+I7 -> 3.99271 | ... P31: =P30+P7 -> 2.9906121
A32: 6 | B32: =B31+B8 -> 5.7954765 | C32: =C31+C8 -> 5.6014309 | D32: =D31+D8 -> 5.4171914 | E32: =E31+E8 -> 5.2421369 | F32: =F31+F8 -> 5.0756921 | G32: =G31+G8 -> 4.9173243 | H32: =H31+H8 -> 4.7665397 | I32: =I31+I8 -> 4.6228797 | ... P32: =P31+P8 -> 3.3255101
A33: 7 | B33: =B32+B9 -> 6.7281945 | C33: =C32+C9 -> 6.4719911 | D33: =D32+D9 -> 6.230283 | E33: =E32+E9 -> 6.0020547 | F33: =F32+F9 -> 5.7863734 | G33: =G32+G9 -> 5.5823814 | H33: =H32+H9 -> 5.3892894 | I33: =I32+I9 -> 5.2063701 | ... P33: =P32+P9 -> 3.6045918
A34: 8 | B34: =B33+B10 -> 7.6516778 | C34: =C33+C10 -> 7.3254814 | D34: =D33+D10 -> 7.0196922 | E34: =E33+E10 -> 6.7327449 | F34: =F33+F10 -> 6.4632128 | G34: =G33+G10 -> 6.2097938 | H34: =H33+H10 -> 5.9712985 | I34: =I33+I10 -> 5.7466389 | ... P34: =P33+P10 -> 3.8371598
A35: 9 | B35: =B34+B11 -> 8.5660176 | C35: =C34+C11 -> 8.1622367 | D35: =D34+D11 -> 7.7861089 | E35: =E34+E11 -> 7.4353316 | F35: =F34+F11 -> 7.1078217 | G35: =G34+G11 -> 6.8016923 | H35: =H34+H11 -> 6.5152322 | I35: =I34+I11 -> 6.2468879 | ... P35: =P34+P11 -> 4.0309665
A36: 10 | B36: =B35+B12 -> 9.4713045 | C36: =C35+C12 -> 8.982585 | D36: =D35+D12 -> 8.5302028 | E36: =E35+E12 -> 8.1108958 | F36: =F35+F12 -> 7.7217349 | G36: =G35+G12 -> 7.3600871 | H36: =H35+H12 -> 7.0235815 | I36: =I35+I12 -> 6.7100814 | ... P36: =P35+P12 -> 4.1924721
A37: 11 | B37: =B36+B13 -> 10.367628 | C37: =C36+C13 -> 9.786848 | D37: =D36+D13 -> 9.2526241 | E37: =E36+E13 -> 8.7604767 | F37: =F36+F13 -> 8.3064142 | G37: =G36+G13 -> 7.8868746 | H37: =H36+H13 -> 7.4986743 | I37: =I36+I13 -> 7.1389643 | ... P37: =P36+P13 -> 4.3270601
A38: 12 | B38: =B37+B14 -> 11.255077 | C38: =C37+C14 -> 10.575341 | D38: =D37+D14 -> 9.954004 | E38: =E37+E14 -> 9.3850738 | F38: =F37+F14 -> 8.8632516 | G38: =G37+G14 -> 8.3838439 | H38: =H37+H14 -> 7.9426863 | I38: =I37+I14 -> 7.536078 | ... P38: =P37+P14 -> 4.4392167
A39: 13 | B39: =B38+B15 -> 12.13374 | C39: =C38+C15 -> 11.348374 | D39: =D38+D15 -> 10.634955 | E39: =E38+E15 -> 9.9856478 | F39: =F38+F15 -> 9.393573 | G39: =G38+G15 -> 8.852683 | H39: =H38+H15 -> 8.3576507 | I39: =I38+I15 -> 7.9037759 | ... P39: =P38+P15 -> 4.5326806
... A46: 20 | B46: =B45+B22 -> 18.045553 | C46: =C45+C22 -> 16.351433 | D46: =D45+D22 -> 14.877475 | E46: =E45+E22 -> 13.590326 | F46: =F45+F22 -> 12.46221 | G46: =G45+G22 -> 11.469921 | H46: =H45+H22 -> 10.594014 | I46: =I45+I22 -> 9.8181474 | ... P46: =P45+P22 -> 4.8695797

Sheet Foglio2
A1: Alternative 1
A3: Cash inflows | D3: DF | E3: PV
A4: Cost saving | B4: 21500 | C4: for 5 y | D4: ='Present Value TABLEs'!M31 -> 3.433081 | E4: =B4*D4 -> 73811.241 | F4: •Will reduce annual operating expenses by $21,500.
B5: 12000 | C5: 1 | D5: ='Present Value TABLEs'!M3 -> 0.87719298 | E5: =B5*D5 -> 10526.316 | F5: •Will reduce parts inventory by $12,000 in first year.
B6: 4000 | C6: at 5th | D6: ='Present Value TABLEs'!M7 -> 0.51936866 | E6: =B6*D6 -> 2077.4747 | F6: •Useful life is 5 years with $4,000 salvage value.
D8: TOT PV | E8: =E4+E5+E6 -> 86415.031
A12: Cash Outflows
D13: DF
A14: new inv | B14: 75000 | D14: 1 | E14: =B14*D14 -> 75000 | F14: •Purchase new equipment, $80,000.
E15: =B15*D15 -> 0 | F15: Replaces equipment that cost $45,000, book value $15,000, and trade-in value of $5,000.
A16: training | B16: 3000 | D16: 1 | E16: =B16*D16 -> 3000 | F16: •Incur $3,000 in training costs.
D18: TOT PV | E18: =E14+E15+E16 -> 78000
C20: Pvindex | D20: =E8/E18 -> 1.107885

Sheet DP n 1
A1: Alt 1 | D1: PV annuity | E1: Annuity * PVann1$, 5y, 10%
A2: C Out | B2: 45000 | D2: =B3*'[1]Present Value TABLEs'!K31 -> 47384.835 | E2: a
A3: C infl | B3: 12500 | C3: per
B4: annuity | C4: 5 y
B6: r | C6: 0.1
A8: b) | B8: NPV | C8: =D2-B2 -> 2384.8346
A12: c)
A13: Alt 2 | D13: PV | E13: =D15+D16 -> 59345.487
A14: C Out | B14: 56500
A15: C infl | B15: 15000 | C15: per 5y | D15: =B15*'[1]Present Value TABLEs'!K31 -> 56861.802 | E15: Annuity, 5y,10%
B16: 4000 | C16: at the 5th y | D16: =B16*'[1]Present Value TABLEs'!K7 -> 2483.6853
B18: NPV | C18: =E13-B14 -> 2845.4868
A21: d)
A22: Pvindex | B22: CI/CO
A24: PVi1 | B24: =D2/B2 -> 1.0529963
A26: PVi2 | B26: =E13/B14 -> 1.0503626

Sheet DP n 2
D1: cost | E1: annual C.I | H1: cost/year | J1: Income/Year
A2: a) | B2: Pay back VAN | C2: =D2/E2 -> 2 | D2: 24000 | E2: 12000 | H2: =D2/5 -> 4800 | J2: =E2-H2 -> 7200
A4: b) | B4: Pay back CAR | C4: =D4/E4 -> 1.6 | D4: 16000 | E4: 10000 | H4: =D4/3 -> 5333.3333 | J4: =E4-H4 -> 4666.6667
A7: e | C7: URR VAN | D7: income / inv | E7: =J2/D2 -> 0.3
C9: URR CAR | D9: income / inv | E9: =J4/D4 -> 0.29166667

Sheet EX 1
F3: POINT 1
E9: A | F9: B
A10: year | B10: Pr A | C10: Pr B | E10: PV A | F10: PV B
A11: 1 | B11: 2000 | C11: 4000 | E11: =B11*'Present Value TABLEs'!L3 -> 1785.7143 | F11: =C11*'Present Value TABLEs'!L3 -> 3571.4286
A12: 2 | B12: 3000 | C12: 2000 | E12: =B12*'Present Value TABLEs'!L4 -> 2391.5816 | F12: =C12*'Present Value TABLEs'!L4 -> 1594.3878
A13: 3 | B13: 3000 | C13: 2000 | E13: =B13*'Present Value TABLEs'!L5 -> 2135.3407 | F13: =C13*'Present Value TABLEs'!L5 -> 1423.5605
A14: 4 | B14: 1000 | C14: 1000 | E14: =B14*'Present Value TABLEs'!L6 -> 635.51808 | F14: =C14*'Present Value TABLEs'!L6 -> 635.51808
A16: TOTAL | B16: =SUM(B11:B14) -> 9000 | C16: =SUM(C11:C14) -> 9000 | E16: =SUM(E11:E14) -> 6948.1547 | F16: =SUM(F11:F14) -> 7224.8949
E17: c
D18: COST inv | E18: 7000 | F18: 7000 | G18: POINT 2
A20: interest rate = 12% | D20: NPV | E20: =E16-E18 -> -51.84526 | F20: =F16-F18 -> 224.8949 | G20: POINT 3

Sheet EX 2
E2: point 1
B9: Pr
A11: year | B11: Pr A | C11: Pr B | E11: PV A | F11: PV B
A12: 1 | B12: 5000 | C12: 3500 | E12: =B12*'Present Value TABLEs'!K3 -> 4545.4545 | F12: =C12*'Present Value TABLEs'!K30 -> 11094.529
A13: 2 | B13: 4000 | C13: 3500 | E13: =B13*'Present Value TABLEs'!K4 -> 3305.7851
A14: 3 | B14: 3000 | C14: 3500 | E14: =B14*'Present Value TABLEs'!K5 -> 2253.9444
A15: 4 | B15: 2000 | C15: 3500 | E15: =B15*'Present Value TABLEs'!K6 -> 1366.0269
A17: TOTAL | B17: =SUM(B12:B15) -> 14000 | C17: =SUM(C12:C15) -> 14000 | E17: =SUM(E12:E15) -> 11471.211 | F17: =SUM(F12:F15) -> 11094.529 | G17: =SUM(G12:G15) -> 0 | H17: point 2
E18: c
C19: 10000 | D19: COST of inv | E19: =-C19 -> -10000 | F19: =-C19 -> -10000
A21: interest rate = 10% | D21: NPV | E21: =E19+E17 -> 1471.211 | F21: =F19+F17 -> 1094.5291 | G21: point 4

Sheet EX 3
A1: Cost of inv | B1: 130000 | E1: Income taxes of 40% | F1: 1 | G1: 2 | H1: 3 | I1: 4 | J1: 5
A2: FI per Y | B2: 38000 | C2: for 5 y | E2: CI/ COST SAVINGS | F2: 38000 | G2: 38000 | H2: 38000 | I2: 38000 | J2: 38000
A3: cost of capital | B3: 0.1 | E3: cost (depr) | F3: 26000 | G3: 26000 | H3: 26000 | I3: 26000 | J3: 26000
E4: NI (before taxes) | F4: =F2-F3 -> 12000 | G4: =G2-G3 -> 12000 | H4: =H2-H3 -> 12000 | I4: =I2-I3 -> 12000 | J4: =J2-J3 -> 12000
A5: NPV | B5: =B6-B1 -> 14049.897 | C5: a1) | E5: income taxes | F5: =(F4*40%) -> 4800 | G5: =(G4*40%) -> 4800 | H5: =(H4*40%) -> 4800 | I5: =(I4*40%) -> 4800 | J5: =(J4*40%) -> 4800
A6: PV | B6: =B2*'Present Value TABLEs'!K31 -> 144049.9 | E6: Ni (after taxes) | F6: =F4-F5 -> 7200 | G6: =G4-G5 -> 7200 | H6: =H4-H5 -> 7200 | I6: =I4-I5 -> 7200 | J6: =J4-J5 -> 7200
E7: +depr | F7: =F3 -> 26000 | G7: =G3 -> 26000 | H7: =H3 -> 26000 | I7: =I3 -> 26000 | J7: =J3 -> 26000
A8: IRR | E8: CI | F8: =F6+F7 -> 33200 | G8: =G6+G7 -> 33200 | H8: =H6+H7 -> 33200 | I8: =I6+I7 -> 33200 | J8: =J6+J7 -> 33200
A9: NUMBER
A11: IRR | B11: =14% -> 0.14 | C11: about | E11: NPV | F11: =F12-B1 -> -10321.43
E12: PV | F12: =F8*'Present Value TABLEs'!L31 -> 119678.57
A14: PV at 14%

Sheet EX 4
A1: beginning inv | B1: 150000 | D1: 0.4 | E1: 1 | F1: 2 | G1: 3 | H1: 4 | I1: 5
A2: annual CI | B2: 480000 | D2: cost savings | E2: 48000 | F2: 48000 | G2: 48000 | H2: 48000 | I2: 48000
A3: 5 YEARS | B3: 5 | D3: deprec | E3: 30000 | F3: 30000 | G3: 30000 | H3: 30000 | I3: 30000
A4: COST OF CAPIT | B4: 0.12 | D4: income before tax | E4: =E2-E3 -> 18000 | F4: =F2-F3 -> 18000 | G4: =G2-G3 -> 18000 | H4: =H2-H3 -> 18000 | I4: =I2-I3 -> 18000
D5: taxes | E5: =E4*$D$1 -> 7200 | F5: =F4*$D$1 -> 7200 | G5: =G4*$D$1 -> 7200 | H5: =H4*$D$1 -> 7200 | I5: =I4*$D$1 -> 7200
D6: income after taxes | E6: =E4-E5 -> 10800 | F6: =F4-F5 -> 10800 | G6: =G4-G5 -> 10800 | H6: =H4-H5 -> 10800 | I6: =I4-I5 -> 10800
D7: add back depr | E7: =E3 -> 30000 | F7: =F3 -> 30000 | G7: =G3 -> 30000 | H7: =H3 -> 30000 | I7: =I3 -> 30000
D8: CI | E8: =E6+E7 -> 40800 | F8: =F6+F7 -> 40800 | G8: =G6+G7 -> 40800 | H8: =H6+H7 -> 40800 | I8: =I6+I7 -> 40800
A10: NPV= | B10: PV - INV | D10: PV | E10: =E8*'Present Value TABLEs'!L31 -> 147074.87
A11: NPV= | B11: =E10-B1 -> -2925.1309
D12: Depr Tax shield

Sheet EX 5
A1: X | D1: Y
A2: cost inv | B2: 210000 | D2: cost inv | E2: =B2 -> 210000 | F2: Y | G2: Cash inflows | H2: PV for each Year
A3: CI | B3: 62000 | F3: 1 | G3: 44000 | H3: =G3*'Present Value TABLEs'!L3 -> 39285.714 | J3: =(SUM(E3:E7)/5) -> 0
A4: 5 | B4: yrs | F4: 2 | G4: 48000 | H4: =G4*'Present Value TABLEs'!L4 -> 38265.306
A5: 0.12 | D5: 0.12 | F5: 3 | G5: 60000 | H5: =G5*'Present Value TABLEs'!L5 -> 42706.815
B6: ANNUITY | F6: 4 | G6: 76000 | H6: =G6*'Present Value TABLEs'!L6 -> 48299.374
F7: 5 | G7: 80000 | H7: =G7*'Present Value TABLEs'!L7 -> 45394.148
A8: NPV X | B8: =-B2+B9 -> 13496.125 | C8: NPV Y | D8: =E9-E2 -> 3951.3577
A9: PV X | B9: =B3*'Present Value TABLEs'!L31 -> 223496.12 | D9: PV Y | E9: =SUM(H3:H7) -> 213951.36
F10: Average CI | G10: =SUM(G3:G7)/5 -> 61600
A11: PV index X | B11: =B9/B2 -> 1.0642673 | C11: PV index Y | D11: =E9/B2 -> 1.018816
A14: PBP X | B14: =B2/B3 -> 3.3870968 | C14: Y | E14: PBP Y | F14: =E2/G10 -> 3.4090909
A16: URR X= | B16: exp income per Year/ cost inv | E16: ROI
B18: Deprecation | C18: =-B2/5 -> -42000 | E18: Deprecation | F18: =E2/5 -> 42000
B19: Cash inflow per year | C19: =B3 -> 62000 | E19: Cash inflow per year | F19: =G10 -> 61600
B20: Exp Income per Year | C20: =C19+C18 -> 20000 | F20: =F19-F18 -> 19600
A21: URR X | B21: =C20/B2 -> 0.095238095 | E21: URR Y | F21: =F20/E2 -> 0.093333333
A23: IRR X | B23: ABOUT 15%
A25: NUMBER | B25: =B2/B3 -> 3.3870968
